Map: Flashback EE

Players

MrFercho

  • Race: Zerg Zerg
  • League: Silver
  • Spawn Location: 7:00

TATORREA

  • Race: Protoss Protoss
  • League: Gold
  • Spawn Location: 7:00

tigro

  • Race: Terran Terran
  • League: Bronze
  • Spawn Location: 7:00

GhostyBear - Winner!

  • Race: Protoss Protoss
  • Spawn Location: 9:00

Tartaro - Winner!

  • Race: Protoss Protoss
  • League: Bronze
  • Spawn Location: 11:00

SnaggingRc - Winner!

  • Race: Terran Terran
  • Spawn Location: 11:00

VOD

Have the link to the VOD?

Description

Time

  • Played on: July 5, 2020, 11:02 p.m.
  • Length: 16:24
Show
View Real Time Build Order
Export as new Build Order

MrFercho Zerg 

Build Orders: Pool First, Lurkers 

Get SALT Encoding   

  12  0:01  Drone  
  13  0:13  Overlord  
  13  0:27  Drone  
  14  0:31  Drone x2  
  16  0:42  Drone  
  17  1:11  Spawning Pool  
  17  1:12  Drone  
  17  1:13  Hatchery  
  17  1:14  Drone  
  17  1:22  Drone  
  17  1:23  Drone  
  19  1:31  Extractor  
  18  1:34  Drone  
  19  1:44  Drone  
  20  1:55  Drone  
  21  2:10  Overlord  
  21  2:17  Zergling x2  
  22  2:23  Extractor  
  22  2:24  Queen  
  22  2:26  Queen  
  22  2:29  Zergling x4  
  27  2:50  Drone x2  
  31  2:51  Drone x2  
  31  2:55  Metabolic Boost  
  31  2:57  Drone  
  32  3:00  Drone  
  33  3:11  Drone x2  
  35  3:23  Drone  
  35  3:26  Spine Crawler  
  35  3:27  Overlord  
  35  3:31  Drone  
  35  3:33  Overlord  
  36  3:41  Lair  
  36  3:48  Evolution Chamber  
  35  3:58  Drone x6  
  41  4:12  Evolution Chamber  
  41  4:15  Zerg Missile Weapons Level 1  
  40  4:17  Zergling x6  
  40  4:20  Drone  
  44  4:34  Extractor  
  44  4:35  Drone x2  
  44  4:36  Extractor, Drone x4  
  48  5:14  Spore Crawler  
  47  5:25  Spore Crawler  
  46  5:34  Drone x2  
  46  5:35  Drone x4  
  52  5:37  Overlord  
  52  5:38  Overlord x5  
  52  5:46  Zerg Ground Armor Level 1  
  52  5:53  Nydus Network  
  52  5:56  Hydralisk Den, Drone  
  52  5:57  Drone x3  
  52  6:04  Drone x3  
  57  6:22  Spore Crawler  
  56  6:37  Hatchery  
  55  6:42  Hatchery  
  55  6:43  Overlord x3  
  55  6:44  Overlord x2, Hydralisk  
  55  6:45  Hydralisk x2  
  60  6:47  Grooved Spines  
  60  6:53  Lurker Den  
  56  7:41  Drone, Spore Crawler  
  56  7:42  Drone  
  57  7:50  Hydralisk x8  
  70  7:59  Muscular Augments  
  70  8:02  Infestation Pit  
  69  8:12  Hydralisk x3  
  75  8:22  Zerg Missile Weapons Level 2  
  75  8:23  Zerg Ground Armor Level 2  
  75  8:47  Spore Crawler  
  74  9:24  Hydralisk x9  
  74  9:25  Hydralisk x12  
  116  9:34  Hive  
  116  9:37  Hydralisk x3  
  116  9:38  Hydralisk  
  124  10:14  Lurker  
  124  10:15  Lurker x2  
  124  10:19  Lurker  
  128  10:39  Pneumatized Carapace  
  128  10:47  Nydus Canal  
  80  11:47  Hydralisk  
  80  11:48  Hydralisk x15  
  80  11:49  Hydralisk  
  80  11:53  Zergling x14  
  93  12:31  Hydralisk x2  
  93  12:32  Hydralisk x7  
  111  12:40  Nydus Canal  
  108  12:52  Hydralisk x3  
  111  13:23  Zergling x2  
  111  13:24  Zergling x22  
  120  13:50  Zergling x10  
  120  13:51  Zergling x6  
  120  13:52  Hydralisk  
  130  14:05  Nydus Canal  
  130  14:26  Burrow  
  115  15:02  Hydralisk x12  
  115  15:03  Hydralisk x16  
  51  15:58  Hydralisk  
  51  15:59  Hydralisk x15  
  51  16:01  Zergling x2  
Show
View Real Time Build Order
Export as new Build Order

TATORREA Protoss 

Build Orders:  

Get SALT Encoding   

  12  0:01  Probe  
  13  0:13  Probe  
  14  0:25  Probe  
  14  0:26  Pylon  
  15  0:44  Probe  
  15  0:47  Gateway  
  16  0:56  Probe  
  17  1:02  Pylon  
  17  1:04  Probe  
  17  1:06  Assimilator  
  18  1:12  Probe  
  19  1:22  Probe  
  20  1:38  Cybernetics Core  
  20  1:40  Gateway  
  20  1:41  Probe  
  21  1:57  Probe  
  22  2:03  Assimilator  
  22  2:17  Nexus  
  22  2:20  Pylon, Probe  
  23  2:23  Pylon  
  23  2:27  Warp Gate  
  23  2:33  Stalker  
  23  2:35  Probe  
  26  2:49  Probe  
  27  2:54  Stalker  
  29  3:02  Robotics Facility  
  29  3:06  Probe  
  30  3:17  Stalker  
  30  3:18  Probe  
  33  3:23  Stalker  
  35  3:30  Probe  
  35  3:34  Forge, Probe  
  37  3:46  Probe  
  37  3:47  Stalker  
  37  3:48  Probe  
  41  3:51  Observer  
  42  4:02  Probe  
  43  4:04  Probe  
  44  4:10  Assimilator  
  44  4:12  Immortal  
  44  4:14  Probe  
  44  4:16  Probe  
  50  4:26  Probe  
  50  4:27  Stalker  
  50  4:30  Sentry  
  55  4:32  Probe  
  56  4:38  Probe  
  52  4:54  Probe x2  
  46  5:05  Assimilator  
  38  5:09  Pylon, Probe x2  
  38  5:13  Pylon  
  36  5:17  Probe  
  36  5:18  Probe  
  36  5:26  Probe x2  
  40  5:36  Probe x2  
  42  5:45  Probe x2  
  44  5:53  Probe x2  
  44  5:54  Protoss Ground Weapons Level 1  
  44  6:02  Probe x2  
  44  6:03  Pylon  
  48  6:13  Probe  
  48  6:14  Probe  
  50  6:21  Probe  
  50  6:22  Probe  
  52  6:39  Probe  
  52  6:40  Probe  
  54  6:59  Photon Cannon  
  54  7:00  Photon Cannon  
  54  7:02  Photon Cannon  
  54  7:05  Photon Cannon  
  54  7:06  Shield Battery, Probe x2  
  54  7:07  Shield Battery  
  55  7:18  Probe x2  
  56  7:30  Probe x2  
  58  7:42  Probe x2  
  60  7:54  Probe x2  
  62  7:59  Pylon  
  62  8:01  Photon Cannon  
  62  8:03  Photon Cannon  
  62  8:06  Photon Cannon  
  62  8:08  Photon Cannon  
  62  8:09  Probe x2  
  62  8:10  Photon Cannon  
  62  8:11  Protoss Shields Level 1  
  64  8:13  Photon Cannon  
  64  8:14  Shield Battery  
  64  8:15  Shield Battery  
  64  8:19  Gateway, Shield Battery  
  64  8:21  Gateway  
  64  8:30  Nexus  
  64  8:35  Pylon  
  65  8:41  Probe x2  
  66  8:55  Pylon, Probe x2  
  67  8:59  Pylon  
  68  9:03  Pylon  
  68  9:18  Stargate  
  68  9:20  Stargate  
  68  9:27  Pylon  
  68  9:28  Probe x2  
  68  9:30  Pylon  
  68  9:31  Stalker  
  72  9:32  Photon Cannon  
  72  9:33  Photon Cannon  
  72  9:35  Photon Cannon, Shield Battery  
  72  9:40  Probe x2  
  74  9:49  Assimilator  
  74  9:51  Probe  
  74  9:52  Assimilator, Probe  
  76  9:54  Stalker  
  76  9:57  Stalker x2  
  76  9:58  Stalker  
  84  10:37  Fleet Beacon  
  84  10:44  Photon Cannon x2  
  84  10:46  Shield Battery  
  84  10:47  Photon Cannon  
  84  10:50  Shield Battery  
  84  11:07  Carrier  
  84  11:13  Tempest  
  84  11:16  Probe x3  
  87  11:20  Protoss Air Weapons Level 1, Pylon  
  87  11:21  Nexus  
  87  11:24  Pylon  
  98  11:37  Carrier  
  98  11:40  Probe x2  
  98  11:41  Probe  
  101  11:54  Cybernetics Core  
  101  11:55  Probe x2  
  101  11:56  Probe  
  101  11:58  Tempest  
  110  12:11  Probe  
  110  12:12  Probe x2  
  118  12:26  Carrier  
  118  12:28  Probe x3  
  118  12:29  Tempest  
  108  13:02  Tempest  
  108  13:09  Assimilator  
  96  13:15  Stalker x3  
  100  13:23  Carrier  
  106  13:44  Tempest  
  104  13:51  Probe x2  
  104  13:52  Probe  
Show
View Real Time Build Order
Export as new Build Order

tigro Terran 

Build Orders:  

Get SALT Encoding   

  12  0:03  SCV  
  13  0:15  SCV  
  14  0:27  SCV  
  15  0:35  Supply Depot  
  15  0:37  Refinery  
  15  0:57  SCV  
  16  0:58  Supply Depot  
  16  1:03  Barracks  
  16  1:09  SCV  
  17  1:19  Refinery  
  17  1:21  SCV  
  18  1:33  SCV  
  19  1:45  SCV  
  20  1:50  Marine  
  21  1:57  SCV  
  22  2:01  Engineering Bay  
  22  2:08  Marine  
  22  2:09  SCV  
  24  2:19  Barracks  
  24  2:26  Marine  
  25  2:44  Marine  
  26  3:02  Marine  
  26  3:04  Terran Infantry Weapons Level 1  
  27  3:08  Barracks Tech Lab  
  27  3:10  Factory  
  27  3:13  Command Center, Orbital Command  
  27  3:25  Barracks Reactor  
  27  3:54  Factory Tech Lab  
  27  4:05  Starport  
  27  4:21  Combat Shield  
  27  4:27  Refinery  
  27  4:36  SCV  
  28  4:45  Marine x2  
  28  4:46  Marine  
  28  4:49  SCV  
  28  4:52  Refinery  
  32  4:54  Siege Tank  
  32  4:58  Terran Infantry Armor Level 1  
  35  5:01  SCV  
  35  5:03  Marine x3  
  39  5:13  SCV  
  40  5:21  Marine x3  
  40  5:25  SCV  
  44  5:38  Medivac  
  44  5:39  Marine  
  47  5:52  Starport  
  47  5:57  Marine  
  48  6:05  SCV  
  49  6:17  SCV  
  50  6:29  SCV  
  51  6:35  Starport Tech Lab x2  
  51  6:42  SCV  
  52  6:54  SCV  
  53  7:30  Hi-Sec Auto Tracking  
  53  7:31  Fusion Core  
  53  8:04  Medivac  
  55  8:07  Siege Tank  
  55  8:09  Marine x3  
  61  8:16  Stimpack  
  61  8:19  Armory  
  61  8:27  Marine, Neosteel Armor  
  62  8:41  Weapon Refit  
  62  8:57  Marine, SCV  
  62  8:58  Marine x2  
  60  9:07  Supply Depot  
  60  9:09  SCV  
  61  9:15  Marine  
  62  9:28  Marine x2, SCV  
  62  9:29  Siege Tank  
  62  9:30  Supply Depot  
  68  9:32  Marine  
  69  9:41  SCV  
  70  9:50  Marine  
  70  9:51  Terran Vehicle Weapons Level 1  
  71  9:53  Supply Depot, SCV  
  72  10:05  SCV  
  73  10:07  Terran Infantry Weapons Level 2  
  73  10:08  Marine  
  74  10:16  Supply Depot  
  74  10:17  SCV  
  75  10:21  Rapid Reignition System  
  75  10:50  Battlecruiser x2  
  87  11:34  Marine x3  
  90  11:45  Terran Vehicle And Ship Armor Level 1  
  90  11:52  Marine x3  
  61  12:10  Marine x3  
  64  12:22  Terran Infantry Armor Level 2  
  64  12:24  Medivac x2  
  64  12:27  Marine  
  64  12:28  Marine x2  
  71  12:30  Thor  
  77  12:45  Marine  
  77  12:46  Marine x2  
  80  12:54  Battlecruiser x2  
  92  13:03  Marine x3  
  92  13:21  Marine  
  69  13:40  Terran Ship Weapons Level 1  
Show
View Real Time Build Order
Export as new Build Order

GhostyBear Protoss - Winner!

Build Orders: Oracle Opening, Carriers 

Get SALT Encoding   

  12  0:02  Probe  
  14  0:14  Probe  
  14  0:19  Pylon  
  14  0:26  Probe  
  15  0:43  Gateway  
  15  0:48  Probe  
  15  0:56  Probe  
  16  0:57  Assimilator  
  17  1:04  Probe  
  17  1:06  Pylon  
  18  1:12  Probe  
  19  1:20  Probe  
  20  1:33  Cybernetics Core  
  20  1:44  Assimilator  
  20  1:59  Probe  
  21  2:01  Nexus  
  21  2:05  Pylon  
  21  2:11  Probe  
  22  2:23  Probe  
  22  2:25  Pylon  
  23  2:30  Stargate  
  23  2:31  Probe  
  24  2:39  Probe  
  25  2:49  Probe  
  26  3:01  Probe  
  27  3:09  Protoss Air Weapons Level 1  
  27  3:14  Probe  
  27  3:19  Probe  
  28  3:26  Probe  
  30  3:28  Assimilator, Oracle, Probe  
  30  3:33  Assimilator  
  34  3:37  Probe  
  34  3:38  Probe  
  36  3:49  Probe  
  36  3:50  Probe  
  38  4:02  Probe x2  
  40  4:05  Fleet Beacon  
  40  4:14  Probe x2  
  42  4:24  Stargate  
  42  4:26  Probe x2, Stargate  
  44  5:18  Probe x2  
  46  5:28  Nexus  
  46  5:30  Probe  
  47  5:36  Probe  
  47  5:37  Pylon  
  47  5:39  Pylon  
  47  5:40  Oracle  
  47  5:41  Oracle  
  54  5:43  Probe  
  54  5:48  Probe  
  56  5:55  Probe, Stargate  
  57  5:57  Pylon, Stargate  
  57  5:59  Protoss Air Armor Level 1  
  57  6:01  Probe  
  58  6:04  Pylon  
  58  6:07  Pylon, Probe  
  59  6:13  Probe  
  60  6:19  Probe  
  60  6:20  Assimilator  
  60  6:25  Assimilator, Probe  
  62  6:26  Stargate  
  62  6:27  Stargate  
  62  6:45  Carrier  
  68  6:54  Probe x2  
  70  7:06  Probe x2  
  72  7:18  Probe x2  
  71  7:30  Probe x2  
  71  7:31  Carrier  
  73  7:41  Carrier x3  
  97  8:07  Carrier x2  
  109  8:25  Probe  
  109  8:26  Probe x2  
  112  8:34  Nexus  
  112  8:36  Pylon  
  112  8:37  Probe  
  112  8:38  Pylon, Probe x2  
  115  8:41  Pylon  
  115  8:45  Assimilator  
  115  8:49  Assimilator  
  115  8:50  Probe x2  
  115  8:54  Carrier  
  120  9:23  Carrier x3  
  135  9:45  Probe x3  
  138  9:47  Probe  
  138  9:49  Protoss Air Weapons Level 2  
  139  9:57  Probe x3  
  139  9:59  Probe  
  143  10:08  Carrier  
  143  10:09  Carrier, Probe  
  143  10:10  Cybernetics Core  
  156  10:58  Pylon  
  156  11:00  Pylon x2  
  156  11:04  Protoss Air Armor Level 2  
  156  11:07  Nexus  
  156  11:10  Pylon  
  156  11:13  Pylon  
  156  11:15  Pylon  
  156  11:16  Probe x4  
  156  11:18  Assimilator, Carrier x2  
  172  11:22  Assimilator  
  172  11:27  Carrier  
  172  11:28  Carrier, Probe x3  
  172  11:31  Carrier  
  193  11:33  Carrier  
  187  11:47  Void Ray  
  185  12:22  Void Ray x2  
  193  12:28  Unknown  
  193  12:30  Void Ray  
  197  12:52  Protoss Air Weapons Level 3  
  197  12:56  Probe  
  197  12:57  Probe x2  
  200  13:42  Protoss Air Armor Level 3  
  188  14:48  Carrier x2  
Show
View Real Time Build Order
Export as new Build Order

Tartaro Protoss - Winner!

Build Orders: Zealot Archon 

Get SALT Encoding   

  12  0:02  Probe  
  13  0:17  Pylon  
  13  0:20  Probe  
  14  0:29  Probe  
  15  0:37  Probe  
  16  0:48  Gateway  
  16  0:51  Probe  
  16  0:55  Assimilator  
  17  1:04  Probe  
  18  1:16  Probe  
  19  1:25  Pylon  
  19  1:28  Probe  
  20  1:37  Cybernetics Core  
  20  1:39  Pylon  
  20  2:13  Probe  
  20  2:14  Warp Gate  
  21  2:19  Gateway  
  21  2:21  Gateway  
  21  2:28  Probe, Nexus  
  22  2:37  Assimilator  
  22  3:04  Pylon  
  22  3:05  Probe  
  23  3:13  Probe  
  23  3:16  Adept  
  23  3:17  Adept  
  23  3:18  Adept  
  30  3:31  Twilight Council  
  30  3:33  Probe  
  31  3:37  Pylon, Probe  
  32  3:45  Probe  
  32  3:47  Probe  
  33  3:55  Probe  
  34  3:59  Probe  
  36  4:08  Forge  
  36  4:09  Resonating Glaives  
  36  4:11  Probe  
  36  4:12  Gateway  
  37  4:26  Zealot  
  37  4:27  Zealot  
  37  4:28  Zealot  
  37  5:16  Adept  
  37  5:17  Adept x2  
  37  5:18  Adept  
  45  5:21  Protoss Ground Weapons Level 1  
  45  5:35  Forge  
  45  5:40  Robotics Facility  
  45  5:43  Templar Archives  
  45  5:46  Probe  
  46  5:52  Photon Cannon  
  46  5:53  Probe  
  46  5:55  Photon Cannon  
  46  5:57  Pylon  
  46  5:58  Probe  
  46  6:02  Probe  
  48  6:10  Probe  
  50  6:11  Probe  
  51  6:22  Probe  
  51  6:23  Probe  
  53  6:35  Probe x2  
  53  6:40  Nexus  
  47  7:44  Observer  
  47  7:46  Psionic Storm  
  47  7:50  High Templar x2  
  47  7:51  High Templar x2  
  56  7:54  Archon  
  56  7:55  Gateway, Archon  
  56  7:56  Probe  
  56  7:57  Gateway  
  56  8:04  Probe, Protoss Shields Level 1  
  57  8:07  Assimilator  
  57  8:11  Assimilator  
  58  8:14  Probe  
  59  8:21  Protoss Ground Weapons Level 2  
  59  8:26  Probe  
  60  8:38  Probe  
  61  8:50  Probe  
  62  9:02  Probe  
  63  9:14  Probe  
  63  9:15  High Templar x2  
  63  9:16  High Templar  
  70  9:18  Assimilator  
  70  9:22  Assimilator  
  70  9:26  Probe  
  70  9:27  Pylon  
  70  9:30  Pylon  
  71  9:33  Pylon  
  71  9:35  Pylon  
  71  9:51  Probe  
  72  10:03  Probe, High Templar  
  72  10:04  Zealot x2  
  72  10:05  Zealot x2  
  72  10:06  Charge, Zealot  
  85  10:07  Archon  
  85  10:08  Archon  
  85  10:11  Nexus  
  85  10:16  Probe  
  85  10:20  Protoss Shields Level 2  
  86  10:28  Probe  
  87  10:35  Immortal  
  91  10:50  Pylon  
  91  10:52  Pylon  
  91  10:53  Zealot x2  
  91  10:54  Zealot x3  
  91  10:55  Zealot  
  103  11:30  Zealot  
  103  11:31  Zealot x4  
  103  11:32  Zealot  
  109  12:45  Immortal  
  109  12:49  High Templar x3  
  109  12:50  High Templar, Zealot x2  
  125  12:54  Archon  
  125  12:55  Archon  
  109  13:45  High Templar x2  
  109  13:46  High Templar x3  
  109  13:47  High Templar  
  103  14:18  Archon x3  
  45  16:07  Gateway x2  
  45  16:09  Probe  
  45  16:10  Gateway, Probe  
  46  16:14  Assimilator  
  46  16:18  High Templar x2  
  49  16:19  Assimilator, High Templar x2  
  49  16:20  Zealot  
Show
View Real Time Build Order
Export as new Build Order

SnaggingRc Terran - Winner!

Build Orders: Mech 

Get SALT Encoding   

  12  0:25  SCV  
  13  0:39  Supply Depot  
  13  0:43  SCV  
  13  0:48  Refinery  
  14  0:55  SCV  
  15  1:05  Barracks  
  15  1:07  SCV  
  16  1:19  SCV  
  17  1:32  SCV  
  18  1:44  SCV  
  19  1:55  Supply Depot  
  19  1:58  Command Center  
  19  2:02  Barracks Reactor  
  19  2:05  SCV  
  20  2:11  Refinery  
  20  2:17  SCV  
  21  2:29  SCV  
  22  2:44  Marine x2  
  24  3:02  Marine x2  
  27  3:12  SCV  
  27  3:13  Refinery  
  27  3:17  SCV  
  28  3:20  Marine x2  
  28  3:25  SCV  
  28  3:26  Factory  
  31  3:37  Marine x2, Refinery, SCV  
  34  3:49  SCV  
  35  3:59  Engineering Bay  
  35  4:03  SCV  
  35  4:05  Orbital Command  
  36  4:15  SCV  
  37  4:25  Marine x2  
  37  4:27  SCV  
  37  4:29  Factory Tech Lab  
  40  4:39  SCV  
  40  4:40  Supply Depot  
  40  4:43  Marine x2  
  43  4:52  SCV  
  44  5:00  Marine  
  44  5:01  Marine  
  44  5:04  SCV  
  47  5:10  Siege Tank  
  47  5:11  Supply Depot  
  50  5:16  SCV  
  50  5:18  Sensor Tower  
  51  5:28  SCV  
  52  5:35  Supply Depot  
  52  5:36  Factory  
  52  5:40  SCV  
  53  5:46  Siege Tank  
  56  5:55  Sensor Tower  
  56  6:14  Missile Turret  
  56  6:35  Factory Reactor  
  56  6:40  Missile Turret  
  56  6:41  Factory  
  56  7:15  Missile Turret  
  56  7:25  Widow Mine  
  56  7:26  Widow Mine  
  56  7:29  Sensor Tower  
  60  7:32  Armory, SCV  
  60  7:34  Armory  
  60  7:35  SCV  
  62  7:41  Missile Turret  
  62  7:45  SCV  
  62  7:48  SCV  
  64  7:57  SCV  
  65  8:00  SCV  
  66  8:09  SCV  
  66  8:10  Factory Reactor  
  66  8:11  Siege Tank, Missile Turret  
  70  8:24  Supply Depot  
  70  8:29  Supply Depot  
  70  8:30  Missile Turret  
  70  8:31  Terran Vehicle Weapons Level 1  
  70  8:35  Terran Vehicle And Ship Armor Level 1  
  70  8:45  Siege Tank, SCV x2  
  75  8:49  Missile Turret  
  75  8:56  Sensor Tower  
  75  8:57  SCV  
  76  9:07  Drilling Claws  
  76  9:08  Missile Turret  
  76  9:11  Widow Mine x2  
  76  9:15  Widow Mine x2  
  84  9:28  Missile Turret  
  84  9:29  Command Center  
  84  9:33  Widow Mine  
  84  9:36  Orbital Command  
  86  9:44  Supply Depot  
  86  9:46  Supply Depot  
  86  9:47  Supply Depot, Missile Turret  
  86  9:49  Sensor Tower, Supply Depot  
  86  10:05  Widow Mine x4  
  97  10:27  Widow Mine x4  
  105  10:34  Starport  
  105  10:37  Siege Tank  
  105  10:42  Refinery, SCV  
  106  10:43  Sensor Tower  
  106  10:48  Widow Mine x3  
  112  10:54  SCV  
  113  10:59  Refinery  
  113  11:01  SCV  
  114  11:06  SCV  
  114  11:09  Siege Tank  
  115  11:13  SCV  
  115  11:15  Sensor Tower  
  116  11:25  SCV  
  109  11:37  SCV  
  110  11:41  Siege Tank  
  110  11:49  SCV  
  108  12:13  Siege Tank  
  111  12:34  Refinery  
  111  12:36  Refinery  
  107  12:58  Command Center  
  87  14:00  Widow Mine  
  87  14:01  Widow Mine  
  87  14:02  Widow Mine x2  
  87  14:03  Siege Tank  
  90  14:22  Widow Mine x2  
  90  14:23  Widow Mine  
  90  14:24  Widow Mine  
  98  14:36  Siege Tank  
  100  14:43  Widow Mine x2  
  100  14:45  Widow Mine x2  
  87  15:05  Widow Mine x2  
  87  15:06  Widow Mine x2  
  92  15:08  Siege Tank  
  95  15:26  Widow Mine x2  
  95  15:28  Widow Mine x2  
  103  15:34  Refinery  
  103  15:40  Siege Tank  
  106  15:47  Widow Mine x2  
  106  15:49  Widow Mine x2  
Tags
 
Add a new tag
Caveats
  • Supply blocks, unpowered buildings, or Contaminate may cause inaccurate times.
  • Supply counts are checked every 10 seconds.